 Dungeon Crawl Stone Soup version 0.19-a0-1128-gc4a0c12 (webtiles) character file.

112 Jmtri7 the Ducker (level 4, -6/33 HPs)
             Began as a Demonspawn Gladiator on Aug 12, 2016.
             Mangled by a gnoll
             ... wielding a +0 club
              (9 damage)
             ... on level 2 of the Dungeon.
             The game lasted 00:04:26 (2056 turns).

Jmtri7 the Ducker (Demonspawn Gladiator)            Turns: 2056, Time: 00:04:26

Health: -6/33      AC:  7    Str: 15    XL:     4   Next: 63%
Magic:  4/4        EV: 15    Int:  9    God:
Gold:   124        SH:  0    Dex: 15    Spells: 0 memorised, 3 levels left

rFire  . . .     SeeInvis .     i - +0 whip (distort)
rCold  + . .     Gourm    .     j - +0 robe
rNeg   . . .     Faith    .     (no shield)
rPois  .         Spirit   .     (helmet restricted)
rElec  .         Dismiss  .     (no cloak)
rCorr  .         Reflect  .     (no gloves)
SustAt .         Harm     .     (no boots)
MR     .....                    (no amulet)
Stlth  +.........               (no ring)
                                k - +5 ring of protection

@:
A: antennae 2, cold resistance 1
a: no special abilities


You were on level 2 of the Dungeon.
You were not hungry.

You visited 1 branch of the dungeon, and saw 2 of its levels.

You collected 124 gold pieces.

Inventory:

Hand Weapons
 a - a +0 long sword
 i - a +0 whip of distortion (weapon)
Missiles
 d - 3 throwing nets (quivered)
Armour
 b - a +0 leather armour
 c - a +0 helmet
 j - a +0 robe (worn)
Jewellery
 k - a +5 ring of protection (left hand)
Scrolls
 e - a scroll of teleportation {unknown}
 l - 2 scrolls of enchant armour {unknown}
 n - 3 scrolls of identify {unknown}
 o - a scroll of magic mapping {unknown}
 r - a scroll of remove curse {unknown}
Potions
 m - 2 potions of might {unknown}
 p - a potion of lignification {unknown}
 q - 2 potions of curing {unknown}
Comestibles
 f - a bread ration
 g - 3 meat rations
 h - a beef jerky


   Skills:
 - Level 2.0 Fighting
 - Level 2.6 Long Blades
 - Level 1.7 Throwing
 + Level 5.0 Dodging


You had 3 spell levels left.
You didn't know any spells.

Dungeon Overview and Level Annotations

Branches:
Dungeon (2/15)

Altars:
Hepliaklqana
Okawaru
Ru

Annotations:
D:2 1 runed door


Innate Abilities, Weirdness & Mutations

You have a pair of antennae on your head.
Your flesh is cold resistant. (rC+)


Message History

You slash the gnoll!
You kill the gnoll!
Your Dodging skill increases to level 5!
Things that are here:
a whip of distortion; a gnoll corpse
i - a whip of distortion Really wield
i - a whip of distortion?
Space warps around you for a moment!
i - a +0 whip of distortion (weapon)
You start resting.
A gnoll is nearby!
The gnoll shouts!
You whack the gnoll!
The gnoll is heavily wounded.
The gnoll hits you with a club.
* * * LOW HITPOINT WARNING * * *
You barely miss the gnoll.
The gnoll is heavily wounded.
The gnoll hits you with a club!
You die...

####......#.........#.#.##.##
##.....##.......##.#.#...#
###.....###.....###.#.###.#
#...##.## ##...## #.#.###.#
#.###...## ##'## #.......#
#.##)....## #.# ###.#####
#.#.......###.# #.#
#....._.....#.#######.#
###.......#...@#......#
##.....##..).g.######
##...####...#.#
##.##........# #....###.####
###### #.# #.# #.# #.#


You could see a gnoll.

Vanquished Creatures
  2 gnolls (D:2)
  3 adders (D:2)
  2 oozes
  3 worms (D:2)
  2 dart slugs
  2 giant geckos (D:2)
  7 goblins
  6 hobgoblins
  A quokka (D:2)
  A ball python (D:2)
  6 bats
  3 giant newts (D:2)
  5 kobolds
  4 rats
47 creatures vanquished.

Notes
Turn   | Place    | Note
-------+----------+-------------------------------------------
     0 | D:1      | Jmtri7 the Demonspawn Gladiator began the quest for the Orb.
     0 | D:1      | Reached XP level 1. HP: 16/16 MP: 1/1
    52 | D:1      | Reached skill level 3 in Dodging
    85 | D:1      | Gained mutation: You have a pair of small antennae on your head. [demonic ancestry]
    85 | D:1      | Reached XP level 2. HP: 22/22 MP: 2/2
   881 | D:2      | Gained mutation: You have a pair of antennae on your head. [demonic ancestry]
   881 | D:2      | Reached XP level 3. HP: 15/27 MP: 3/3
   942 | D:2      | Found an iron altar of Okawaru.
  1049 | D:2      | Found a sacrificial altar of Ru.
  1055 | D:2      | Reached skill level 4 in Dodging
  1326 | D:2      | Found a hazy altar of Hepliaklqana.
  1559 | D:2      | Gained mutation: Your flesh is cold resistant. (rC+) [demonic ancestry]
  1559 | D:2      | Reached XP level 4. HP: 19/33 MP: 4/4
  1924 | D:2      | Found a runed door.
  2040 | D:2      | Reached skill level 5 in Dodging
  2056 | D:2      | Mangled by a gnoll

Vault maps used:
D:1:      dpeg_arrival_renting
D:2:      marbit_many_paths, lemuel_round_altar, old_standard_altar,
          st_stairs_10, kennysheep_another_room, uniq_crazy_yiuf_cottage

Skill      XL: |  1  2  3  4 |
---------------+-------------+-----
Dodging        | 3 4 5 |  5.0
Fighting       | |  2.0
Long Blades    | |  2.6
Throwing       | |  1.7

Action                   |  1- 3 |  4- 6 || total
-------------------------+-------+-------++-------
Melee: Long sword        |   105 |    50 ||   155
       Whip              |       |     2 ||     2
 Stab: Sleeping          |     3 |     1 ||     4
  Eat: Chunk             |     2 |     2 ||     4
Armor: Leather armour    |     4 |       ||     4
       Robe              |    19 |     8 ||    27
Dodge: Dodged            |    56 |    38 ||    94
